 Dungeon Crawl Stone Soup version 0.28-a0-1339-ga5422284a4 (webtiles) character file.

Game seed: 17938728025435081490

66 dracfodder the Chiller (level 3, 0/26 HPs)
             Began as a Draconian Ice Elementalist on Dec 28, 2021.
             Succumbed to a kobold's poison
             ... on level 2 of the Dungeon.
             The game lasted 00:06:25 (1578 turns).

dracfodder the Chiller (Draconian Ice Elementalist) Turns: 1578, Time: 00:06:26

Health: 0/26       AC:  5    Str: 10    XL:     3   Next: 96%
Magic:  0/7        EV: 12    Int: 17    God:
Gold:   48         SH:  0    Dex: 17    Spells: 6/7 levels left

rFire   . . .      SeeInvis .   b - +0 dagger
rCold   . . .      Faith    .   (no shield)
rNeg    . . .      Spirit   .   (armour unavailable)
rPois   .          Reflect  .   (helmet restricted)
rElec   .          Harm     .   (no cloak)
rCorr   .          Rampage  .   (no gloves)
Will    .....                   (no boots)
Stlth   ++........              (no amulet)
HPRegen 0.08/turn               i - +6 ring of dexterity
MPRegen 0.10/turn               (no ring)

@: mighty, lethally poisoned (0 -> -6)
A: AC +5, unfitting armour, cold-blooded
a: no special abilities


You were on level 2 of the Dungeon.
You visited 1 branch of the dungeon, and saw 2 of its levels.

You collected 48 gold pieces.

Inventory:

Hand Weapons
 b - a +0 dagger (weapon)
Missiles
 a - 26 arrows
 c - 5 poisoned darts
 e - 21 stones
Jewellery
 i - a +6 ring of dexterity (left hand)
Scrolls
 g - a scroll of identify {unknown}
Potions
 f - 2 potions of heal wounds {unknown}
 h - a potion of curing {unknown}


   Skills:
 + Level 1.9 Dodging
 + Level 1.9 Stealth
 + Level 0.4 Unarmed Combat
 * Level 2.8 Spellcasting
 * Level 4.8 Ice Magic


You had 6 spell levels left.
You knew the following spells:

 Your Spells              Type           Power      Damage    Failure   Level
a - Freeze                Ice            72%        1d9       2%          1

Your spell library contained the following spells:

 Spells                   Type           Power      Damage    Failure   Level
 Frozen Ramparts          Ice            36%        1d5       8%          3
 Ozocubu's Armour         Ice            18%        N/A       8%          3
 Hailstorm                Conj/Ice       10%        3d5       54%         4


Dungeon Overview and Level Annotations

Branches:
Dungeon (2/15)

Altars:


Innate Abilities, Weirdness & Mutations

Your plain brown scales are hard. (AC +5)
You cannot fit into any form of body armour.
You are cold-blooded and may be slowed by cold attacks.


Message History

You are poisoned.
The adder bites you but does no damage.
Aiming: Freeze (safe; 2% risk of failure)
Press: ? - help, Q - select action, (/) - cycle Shift-Dir - straight line, f/p - adder
Aim: an adder (severely wounded)
You freeze the adder.
The adder is almost dead.
You feel very sick. The bat closely misses you. The bat completely misses you.
The rat bites you. The kobold barely misses you. The adder barely misses you.
Aiming: Freeze (safe; 2% risk of failure)
Press: ? - help, Q - select action, (/) - cycle Shift-Dir - straight line, f/p - adder
Aim: an adder (almost dead)
You freeze the adder.
You kill the adder!
You feel very sick. The bat misses you. The rat bites you but does no damage.
The kobold hits you but does no damage.
You are lethally poisoned!
Aiming: Freeze (safe; 2% risk of failure)
Press: ? - help, Q - select action, (/) - cycle Shift-Dir - straight line, f - kobold
Aim: a kobold, wielding a +2 whip of venom You freeze the kobold.
You kill the kobold!
You feel very sick. The bat hits you but does no damage.
The rat closely misses you.
* * * LOW HITPOINT WARNING * * *
You feel very sick. The bat closely misses you. The rat closely misses you.
* * * LOW HITPOINT WARNING * * *
You feel sick. The bat closely misses you.
You see here a +2 whip of venom.
You hit the rat but do no damage.
You tail-slap the rat, but do no damage.
* * * LOW HITPOINT WARNING * * *
You feel sick. The bat closely misses you. The rat closely misses you.
Unknown command.
It was a potion of might.
You feel very mighty all of a sudden.
You die...

*,,,,,,,,* *,,****,,.##***#....
*,,,,,,,,***#,,,,,,.......##...?
*,,,,,,,,,,,.,**,,#.........<...
#..,,,,,.,**#.***...........##..
#..,,,,,..**#.# *#..............
#..,*,,,#..##.####.?....[......#
#..***,*##......................
#..,,###...........>............
#..###.###.....@..#.............
*#..#...#.......rb"........)#,.#
*#...#...#.................#,..
##.###.###................##..
#####...###......................
#....†#######....................
#....†.#...#.....................
#.................###............
#...###.[.........# ####.#.......


You could see a bat and a rat.

Vanquished Creatures
  A hound (D:2)
  An adder (D:2)
  A dart slug (D:1)
  3 endoplasms (D:1)
  A giant cockroach (D:2)
  2 goblins (D:1)
  2 hobgoblins
  2 quokkas
  2 bats (D:1)
  A frilled lizard (D:2)
  6 kobolds
  4 rats
26 creatures vanquished.

Notes
Turn   | Place    | Note
-------+----------+-------------------------------------------
     0 | D:1      | dracfodder the Draconian Ice Elementalist began the quest
                  | for the Orb.
     0 | D:1      | Reached XP level 1. HP: 14/14 MP: 3/3
   360 | D:1      | Reached XP level 2. HP: 20/20 MP: 3/5
  1539 | D:2      | Reached XP level 3. HP: 21/26 MP: 0/7
  1577 | D:2      | HP: 1/26 [poisoned by a kobold]
  1578 | D:2      | Succumbed to a kobold's poison

Illustrated notes

Levels and vault maps discovered:
D:1:      matt_arrival_spirals, layout_basic, serial_corexii_hall,
          corexii_hall_statues_u, chequers_hall_statues_y
D:2:      layout_rooms, minmay_between

Action                   || total
-------------------------++-------
Melee: Unarmed           ||     4
       Dagger            ||    17
       Tailslap          ||     7
 Cast: Freeze            ||    32
  Use: Scroll            ||     3
       Potion            ||     1
 Stab: Sleeping          ||     1
Armor: Skin              ||    12
Dodge: Dodged            ||    25

Table legend: (Time is in decaauts)
 A = Elapsed time spent in this place.
 B = Non-inter-level travel time spent in this place.
 C = Inter-level travel time spent in this place.
 D = Time resting spent in this place.
 E = Time spent auto-exploring this place.
 F = Levels seen in this place.
 G = Mean time per level.
                   A        B        C        D        E       F      G
               +--------+--------+--------+--------+--------+-----+--------+
         Total |   1581 |   1545 |     36 |    534 |    783 |   2 |  790.5 |
       Dungeon |   1581 |   1545 |     36 |    534 |    783 |   2 |  790.5 |
               +--------+--------+--------+--------+--------+-----+--------+

Top non-repeatable levels by time:
     D:1: 1484 daAuts
     D:2: 97 daAuts
